 Dungeon Crawl Stone Soup version 0.31-a0-521-gc7390f8997 (webtiles) character file.

Game seed: 3700342689180206402

22 kae the Changeling (level 2, -4/21 HPs)
             Began as a Demonspawn Shapeshifter on Aug 10, 2023.
             Slain by a gnoll
             ... wielding a +0 flail
              (14 damage)
             ... on level 1 of the Dungeon.
             The game lasted 00:00:35 (624 turns).

kae the Changeling (Demonspawn Shapeshifter)         Turns: 624, Time: 00:00:35

Health: -4/21      AC:  2    Str: 15    XL:     2   Next: 68%
Magic:  2/2        EV: 12    Int:  9    God:
Gold:   59         SH:  4    Dex: 13    Spells: 1/1 levels left

rFire   . .          .
                       - Unarmed
rCold   . . .        (no shield)
rNeg    . . .        a - +0 animal skin
rPois   .            (helmet currently unavailable)
rElec   .            (cloak currently unavailable)
rCorr   .            (gloves currently unavailable)
SInv    .            (boots currently unavailable)
Will    .....        (no amulet)
Stlth   +            (no ring)
HPRegen 0.23/turn    (no ring)
MPRegen 0.08/turn

%: no passive effects
@: beast-form
A: beast (slay +2), condensation shield
a: Begin Untransformation


You were on level 1 of the Dungeon.
You were a hulking beast.
You visited 1 branch of the dungeon, and saw 1 of its levels.

You collected 59 gold pieces.


Innate Abilities, Weirdness & Mutations

You are a hulking beast.
Your limbs bulge with bestial killing power. (Slay +2)
A meltable shield of frost defends you. (SH +4)


   Skills:
 - Level 1.0 Fighting
 - Level 1.7 Dodging
 + Level 3.0 Unarmed Combat
 * Level 3.1 Shapeshifting


You had one spell level left.
You didn't know any spells.
Your spell library contained the following spells:

 Spells                   Type           Power      Damage    Failure   Level
 Magic Dart               Conj           0%         1d3       38%         1
 Call Imp                 Summ           0%         N/A       52%         2
 Mephitic Cloud           Conj/Pois/Air  0%         N/A       77%         3

Inventory:

Missiles
 g - 5 boomerangs
Armour
 a - a +0 animal skin (worn)
Talismans
 c - a beast talisman (active)
 d - a flux talisman
Potions
 b - 2 potions of lignification {!q}
 f - a potion of heal wounds {unknown}
 h - a potion of haste {unknown}

Dungeon Overview and Level Annotations

Branches:
Dungeon (1/15) Zot: 5377

Altars:

Shops:
D:1

( .#......######
#.............
.#......#
#########.....######..
##......#
..............# #..
##......#
.#####.......# #..
##......# ...#.......#
#.. ##..#.###
##.##.......# #..
....#.# #.
#?K?#..###### #†.
....#.# #...##g##..#
#.. #####..
.....(..h...# #.. ###
##....[.....# #..
#..........# #.. #
##.######### ##. # #.
#. # . #. # #. #. #.


You could see a gnoll and a kobold.


Message History

The ball python grabs you. The ball python constricts you.
You hit the ball python but do no damage.
You block the ball python's attack.
The ball python constricts you. 😕 HP[+1]
You hit the ball python.
You kill the ball python!
No target in view!
No target in view!
No target in view!
No target in view!
No target in view!
Key pressed, stopping explore.
Unknown command. 😎 HP[+2]
Your hp is fully restored (21).
A quokka comes into view.
The quokka twitches its whiskers.
A quokka is nearby!
The quokka bites you.
You punch the quokka!
You kill the quokka! 😕 HP[-3]
You take 3 damage, and now have 18/21 hp.
A kobold comes into view. It is wielding a +0 whip. 😎 HP[+3]
Your hp is fully restored (21).
The kobold shouts!
A kobold is nearby!
You completely miss the kobold.
The kobold hits you with a +0 whip. 😕 HP[-2]
You take 2 damage, and now have 19/21 hp.
A kobold is nearby!
You punch the kobold!
You kill the kobold!
No target in view!
Found a stone staircase leading down.
You see here a +0 whip. 😎 HP[+2]
Your hp is fully restored (21).
No target in view!
No target in view!
h - a red potion You now have 59 gold pieces (gained 10).
Key pressed, stopping explore.
No target in view!
No target in view!
Key pressed, stopping explore.
No target in view!
No target in view!
Key pressed, stopping explore.
No target in view!
No target in view!
There is a stone staircase leading down here.
Things that are here:
a +0 short sword; a kobold skeleton An endoplasm comes into view.
The helpless endoplasm fails to defend itself.
You hit the endoplasm. The endoplasm closely misses you.
An endoplasm is nearby!
You punch the endoplasm!
You kill the endoplasm!
No target in view!
b - 2 potions of lignification {!q} (gained 1)
A rat and a gnoll come into view.
The gnoll shouts!
A kobold comes into view. It is wielding a +0 dagger.
The kobold shouts!
You punch the rat!
You kill the rat!
There are monsters nearby!
You closely miss the gnoll. The gnoll barely misses you.
You hit the gnoll but do no damage. The gnoll closely misses you.
The kobold closely misses you.
There are monsters nearby!
You hit the gnoll but do no damage. The gnoll hits you with a +0 flail!
You block the kobold's attack.
You are too injured to fight recklessly! 😮 HP[-9]
You take 9 damage, and now have 12/21 hp.
MASSIVE DAMAGE!! (PAUSE)
The gnoll attacks as you move away! The gnoll hits you with a +0 flail.
* * * LOW HITPOINT WARNING * * *
😨 HP[-2]
You take 2 damage, and now have 10/21 hp.
You closely miss the gnoll. The gnoll barely misses you.
You hit the gnoll. You punch the gnoll. The gnoll hits you with a +0 flail!
* * * LOW HITPOINT WARNING * * *
😱 HP[-7]
You take 7 damage, and now have 3/21 hp.
MASSIVE DAMAGE!! (PAUSE) It was a potion of curing.
You feel better. The gnoll hits you with a +0 flail.
* * * LOW HITPOINT WARNING * * *
😨 HP[+7]
You regained 7 hp, and now have 10/21 hp.
Unknown command.
You hit the gnoll. The gnoll misses you.
You closely miss the gnoll. The gnoll hits you with a +0 flail!
Ouch! That really hurt!
You die...

Skill      XL: |  1  2 |
---------------+-------+-----
Shapeshifting  | 3 |  3.1
Unarmed Combat | 3 |  3.0
Fighting       | |  1.0
Dodging        | |  1.7

Action                     || total
---------------------------++-------
  Melee: Unarmed           ||    58
         Punch             ||     3
    Use: Potion            ||     1
   Stab: Sleeping          ||     1
 Armour: Animal skin       ||     8
  Dodge: Dodged            ||    27
  Block: Other             ||     5

Levels and vault maps discovered:
D:1:      dpeg_arrival_refuge, layout_basic, serial_shops, shop_fountains,
          minmay_split_cup_small

Notes
Turn   | Place    | Note
-------+----------+-------------------------------------------
     0 | D:1      | kae the Demonspawn Shapeshifter began the quest for the
                  | Orb.
     0 | D:1      | Reached XP level 1. HP: 15/15 MP: 1/1
     0 | D:1      | magus.rc [v1.11.3]
    22 | D:1      | Found Ublunn's Weapon Emporium.
   296 | D:1      | Reached skill level 3 in Shapeshifting
   296 | D:1      | Gained mutation: A meltable shield of frost defends you.
                  | (SH +4) [demonic ancestry]
   296 | D:1      | Reached XP level 2. HP: 21/21 MP: 2/2
   340 | D:1      | You pick up a book of Minor Magic and begin reading...
   340 | D:1      | You add the spells Magic Dart, Call Imp and Mephitic Cloud
                  | to your library.
   394 | D:1      | Reached skill level 3 in Unarmed Combat
   621 | D:1      | HP: 3/21 [gnoll/+0 flail (7)]
   624 | D:1      | Slain by a gnoll

Vanquished Creatures
  3 ball pythons (D:1)
  A bat (D:1)
  An endoplasm (D:1)
  A giant cockroach (D:1)
  2 goblins (D:1)
  3 hobgoblins (D:1)
  2 quokkas (D:1)
  A frilled lizard (D:1)
  3 kobolds (D:1)
  2 rats (D:1)
19 creatures vanquished.

Table legend:
 A = Non-vault XP
 B = Vault XP
 C = Vault XP percentage of total XP
 D = Non-vault monster count
 E = Vault monster count
 F = Vault count percentage of total count
                 A         B        C        D         E       F
            +---------+---------+-------+---------+---------+-------
      Total |      31 |       1 |   3.1 |      18 |       1 |   5.3
            +---------+---------+-------+---------+---------+-------
        D:1 |      31 |       1 |   3.1 |      18 |       1 |   5.3
            +---------+---------+-------+---------+---------+-------

Skill      XL: |  1  2 |
---------------+-------+-----
Shapeshifting  | 3 |  3.1
Unarmed Combat | 3 |  3.0
Fighting       | |  1.0
Dodging        | |  1.7

Action                     || total
---------------------------++-------
  Melee: Unarmed           ||    58
         Punch             ||     3
    Use: Potion            ||     1
   Stab: Sleeping          ||     1
 Armour: Animal skin       ||     8
  Dodge: Dodged            ||    27
  Block: Other             ||     5

Illustrated notes

Table legend:
 A = Kills in this place as a percentage of kills in the entire game.
 B = Kills by you in this place as a percentage of kills by you in the entire game.
 C = Kills by friends in this place as a percentage of kills by friends in the entire game.
 D = Other kills in this place as a percentage of other kills in the entire game.
 E = Experience gained in this place as a percentage of experience gained in the entire game.
 F = Experience gained in this place divided by the number of levels of this place that you have seen.
                   A       B       C       D       E      F
               +-------+-------+-------+-------+-------+----------------------
         Total | 100.0 | 100.0 |   N/A |   N/A | 100.0 |  32.0
       Dungeon | 100.0 | 100.0 |   N/A |   N/A | 100.0 |  32.0
               +-------+-------+-------+-------+-------+----------------------

Table legend: (Time is in decaauts)
 A = Elapsed time spent in this place.
 B = Non-inter-level travel time spent in this place.
 C = Inter-level travel time spent in this place.
 D = Time resting spent in this place.
 E = Time spent auto-exploring this place.
 F = Levels seen in this place.
 G = Mean time per level.
                   A        B        C        D        E       F      G
               +--------+--------+--------+--------+--------+-----+--------+
         Total |    621 |    621 |      0 |      0 |    493 |   1 |  621.0 |
       Dungeon |    621 |    621 |      0 |      0 |    493 |   1 |  621.0 |
               +--------+--------+--------+--------+--------+-----+--------+

Top non-repeatable levels by time:
     D:1: 621 daAuts
